Map: 프라이드 오브 알타리스 - 래더

Players

Classic

  • Race: Protoss Protoss
  • League: Master

Dream - Winner!

  • Race: Terran Terran
  • League: Master

VOD

Have the link to the VOD?

Description

Time

  • Played on: Oct. 21, 2021, 9:08 a.m.
  • Length: 10:40
Show
View Real Time Build Order
Export as new Build Order

Classic Protoss 

Build Orders: 1 Gate Expand, Oracle Opening 

Get SALT Encoding   

  12  0:00  Probe  
  13  0:12  Probe  
  14  0:17  Pylon  
  14  0:24  Probe  
  15  0:35  Gateway  
  15  0:36  Probe (Chrono Boost)  
  16  0:47  Probe (Chrono Boost), Assimilator  
  17  0:52  Probe (Chrono Boost)  
  18  1:03  Probe  
  19  1:15  Probe  
  20  1:22  Cybernetics Core  
  20  1:33  Nexus  
  20  1:39  Pylon  
  20  1:43  Probe  
  21  1:47  Assimilator  
  21  1:55  Probe  
  21  1:56  Adept (Chrono Boost)  
  24  2:07  Probe  
  25  2:10  Pylon  
  25  2:19  Adept (Chrono Boost), Probe  
  28  2:28  Stargate  
  28  2:31  Probe  
  29  2:43  Probe  
  30  2:46  Adept (Chrono Boost)  
  30  2:51  Probe (Chrono Boost)  
  32  2:58  Probe (Chrono Boost)  
  33  3:03  Probe (Chrono Boost)  
  33  3:04  Warp Gate  
  34  3:09  Oracle (Chrono Boost)  
  34  3:12  Probe x2 (Chrono Boost)  
  39  3:19  Probe  
  38  3:21  Probe  
  38  3:24  Adept  
  41  3:31  Probe  
  41  3:33  Probe  
  43  3:39  Oracle (Chrono Boost)  
  45  3:41  Pylon  
  45  3:45  Probe x2  
  41  3:57  Probe x2  
  41  4:00  Gateway  
  41  4:01  Gateway  
  43  4:09  Probe x2  
  45  4:12  Assimilator  
  45  4:14  Oracle (Chrono Boost)  
  48  4:21  Probe  
  48  4:22  Probe  
  50  4:26  Pylon  
  50  4:34  Probe  
  51  4:39  Nexus  
  51  4:40  Pylon  
  51  4:43  Assimilator  
  51  4:47  Twilight Council  
  51  4:48  Phoenix  
  53  4:57  Adept x2  
  53  4:58  Adept  
  59  5:02  Probe (Chrono Boost)  
  59  5:04  Probe (Chrono Boost)  
  61  5:13  Probe (Chrono Boost)  
  63  5:16  Probe (Chrono Boost)  
  63  5:18  Probe (Chrono Boost), Pylon  
  64  5:25  Probe  
  65  5:28  Probe  
  65  5:29  Charge  
  65  5:30  Templar Archives  
  66  5:37  Probe  
  66  5:41  Probe (Chrono Boost)  
  56  5:44  Psionic Storm  
  56  5:49  Gateway  
  54  5:50  Gateway  
  54  5:51  Probe (Chrono Boost)  
  54  5:53  Probe x2 (Chrono Boost), Gateway  
  56  6:00  Probe (Chrono Boost)  
  56  6:01  Probe (Chrono Boost)  
  56  6:03  Probe (Chrono Boost), Gateway  
  59  6:04  Gateway  
  59  6:05  Probe (Chrono Boost)  
  60  6:16  Stalker  
  60  6:17  Stalker  
  60  6:18  High Templar  
  65  6:27  Shield Battery  
  65  6:28  Pylon  
  65  6:34  Probe x3  
  65  6:35  Robotics Facility  
  68  6:42  Forge  
  68  6:43  High Templar  
  68  6:46  Pylon  
  71  6:47  Probe x3  
  71  6:52  Zealot x3, High Templar  
  71  6:53  Zealot  
  83  6:59  Zealot x2  
  83  7:00  Pylon  
  83  7:01  Pylon  
  87  7:10  Pylon  
  87  7:16  High Templar  
  87  7:21  Zealot x3  
  87  7:22  Zealot x3  
  99  7:26  Zealot  
  83  7:40  Pylon  
  83  7:42  Zealot x3  
  83  7:43  Zealot x2  
  93  7:48  Cybernetics Core  
  93  7:50  Zealot x2  
  97  7:55  Assimilator  
  97  7:57  Observer (Chrono Boost)  
  98  8:03  Archon  
  98  8:05  Zealot x3, High Templar x2  
  98  8:10  Immortal (Chrono Boost)  
  98  8:12  Zealot x2  
  108  8:27  Pylon, High Templar x2  
  108  8:28  High Templar  
  108  8:29  Assimilator  
  114  8:35  Forge  
  97  8:41  Warp Prism (Chrono Boost)  
  97  8:42  Zealot x3  
  97  8:43  Zealot x2  
  105  9:03  High Templar x2  
  105  9:04  Gateway, Zealot x6  
  121  9:20  Pylon  
  116  9:27  Zealot x4  
  122  9:33  Zealot  
  122  9:36  Pylon x2  
  124  9:42  Zealot x3  
  124  9:43  Pylon  
  115  9:54  Pylon  
  107  10:00  Pylon, Zealot x2  
  101  10:15  Nexus  
  101  10:17  Pylon x2  
  101  10:18  Zealot x4  
  107  10:25  Zealot x3  
Show
View Real Time Build Order
Export as new Build Order

Dream Terran - Winner!

Build Orders: Reaper Expand 

Get SALT Encoding   

  12  0:00  SCV  
  13  0:12  SCV  
  14  0:17  Supply Depot  
  14  0:24  SCV  
  15  0:38  SCV  
  15  0:39  Barracks  
  16  0:42  Refinery  
  16  0:50  SCV  
  17  1:02  SCV  
  18  1:14  SCV  
  19  1:26  Reaper  
  19  1:28  Orbital Command  
  20  1:42  Command Center  
  20  1:53  SCV  
  21  1:54  Supply Depot  
  21  1:58  Marine  
  22  2:05  SCV  
  22  2:06  Factory  
  23  2:17  SCV  
  23  2:20  Barracks Reactor  
  24  2:24  Bunker  
  24  2:29  SCV  
  25  2:42  SCV  
  26  2:53  Hellion  
  26  2:55  Orbital Command  
  26  2:56  SCV  
  26  2:57  Marine  
  30  2:59  Marine  
  30  3:01  Starport  
  31  3:08  SCV, Refinery  
  32  3:15  Marine  
  32  3:16  Marine  
  33  3:21  Widow Mine  
  33  3:22  SCV x2  
  37  3:33  Supply Depot  
  37  3:34  Marine x2, SCV x2  
  40  3:46  SCV x2  
  41  3:49  Viking  
  41  3:50  Widow Mine  
  41  3:54  Marine  
  41  3:55  Marine  
  45  3:58  SCV x2  
  47  4:11  Barracks x2  
  47  4:14  SCV  
  47  4:15  SCV  
  49  4:20  Marine  
  49  4:21  Marine  
  49  4:27  Starport Tech Lab, Factory Tech Lab  
  49  4:29  SCV x2  
  51  4:37  Supply Depot, Engineering Bay  
  51  4:38  Refinery  
  51  4:41  SCV x2  
  51  4:42  Marine  
  54  4:50  Supply Depot x2  
  54  4:59  Marine, SCV x2  
  57  5:00  Supply Depot  
  57  5:01  Factory Reactor, Starport Reactor  
  57  5:03  Terran Infantry Weapons Level 1  
  57  5:06  Stimpack  
  57  5:08  Combat Shield  
  57  5:10  Marine x2  
  57  5:12  Marine  
  60  5:15  SCV  
  60  5:16  SCV  
  62  5:27  SCV  
  62  5:28  Marine x2, SCV  
  59  5:39  SCV  
  59  5:40  Marine x2, SCV  
  59  5:46  Medivac x2, Widow Mine  
  59  5:48  Widow Mine  
  67  5:50  Marine  
  67  5:51  SCV  
  67  5:53  SCV  
  67  5:55  Marine  
  71  5:57  Marine  
  71  5:58  Marine  
  71  6:03  SCV  
  74  6:05  SCV  
  74  6:07  Supply Depot  
  74  6:08  Supply Depot  
  74  6:11  Widow Mine x2  
  79  6:13  Marine x2  
  79  6:16  Medivac  
  83  6:19  Marine, SCV x2  
  86  6:26  Marine, Supply Depot  
  86  6:28  Concussive Shells  
  86  6:32  Barracks  
  85  6:33  Barracks  
  85  6:34  Marine  
  85  6:35  Marine  
  85  6:36  Refinery  
  85  6:38  Widow Mine x2  
  91  6:43  Medivac  
  91  6:46  Marine x2, Medivac  
  97  6:52  Marine  
  98  6:56  Marine  
  98  6:57  Terran Infantry Armor Level 1  
  99  7:02  Widow Mine x2  
  99  7:03  SCV x2  
  99  7:04  Supply Depot  
  99  7:07  Supply Depot  
  105  7:09  Marauder x2  
  109  7:18  SCV  
  109  7:21  Barracks Reactor, Barracks Tech Lab  
  110  7:23  Supply Depot  
  110  7:24  Supply Depot  
  110  7:26  SCV  
  108  7:32  SCV  
  108  7:36  Marine, Marauder x2  
  108  7:44  Marine  
  108  7:46  Widow Mine x2  
  108  7:48  Marauder  
  114  7:53  Medivac  
  114  7:55  Medivac  
  114  7:57  Marine x3  
  121  8:03  Marine  
  121  8:04  Marauder x2  
  126  8:14  Widow Mine x2  
  129  8:23  Medivac  
  129  8:24  Marine x4  
  129  8:25  Marauder, Medivac  
  129  8:26  Command Center  
  132  8:31  Marauder, Armory  
  134  8:40  Marauder  
  132  8:42  Marine x2  
  132  8:45  Marine  
  131  8:54  Widow Mine x2  
  133  8:57  Marine, Marauder x2  
  133  9:00  Marine  
  139  9:02  Ghost Academy  
  139  9:03  Supply Depot  
  139  9:07  Marine x3  
  142  9:18  Supply Depot  
  142  9:24  Marine, Medivac x2  
  142  9:28  Marine, Marauder x3  
  142  9:29  Marine x2  
  145  9:36  Widow Mine x2  
  145  9:42  Marine  
  146  9:46  Marine  
  146  9:49  Ghost  
  146  9:51  Orbital Command  
  147  10:01  Marine  
  147  10:02  Ghost  
  148  10:07  Ghost  
  148  10:10  Marine x2  
  148  10:11  Marine  
  143  10:17  Marine  
Tags
 
Add a new tag
Caveats
  • Supply blocks, unpowered buildings, or Contaminate may cause inaccurate times.
  • Supply counts are checked every 10 seconds.